Map: Prion Terraces

Players

ILLBdA - Winner!

  • Race: Protoss Protoss
  • League: Platinum

DAVO

  • Race: Terran Terran
  • League: Diamond

VOD

Have the link to the VOD?

Description

Time

  • Played on: Dec. 14, 2015, 1:02 a.m.
  • Length: 12:28
Show
View Real Time Build Order
Export as new Build Order

ILLBdA Protoss - Winner!

Build Orders: 1 Gate Expand 

Get SALT Encoding   

  12  0:01  Probe (Chrono Boost)  
  14  0:14  Probe (Chrono Boost)  
  14  0:18  Pylon  
  14  0:24  Probe (Chrono Boost)  
  15  0:36  Probe (Chrono Boost)  
  15  0:37  Gateway  
  16  0:44  Assimilator  
  16  0:46  Probe (Chrono Boost)  
  17  0:57  Probe (Chrono Boost)  
  18  1:08  Probe (Chrono Boost)  
  19  1:18  Probe (Chrono Boost)  
  20  1:25  Nexus  
  20  1:34  Cybernetics Core  
  20  1:36  Probe (Chrono Boost)  
  21  1:41  Assimilator  
  22  1:47  Probe (Chrono Boost)  
  22  1:57  Probe (Chrono Boost)  
  23  2:04  Pylon  
  23  2:07  Gateway  
  23  2:16  Warp Gate  
  23  2:22  Probe (Chrono Boost), Adept (Chrono Boost)  
  26  2:34  Mothership Core  
  28  2:38  Probe  
  29  2:48  Probe, Adept (Chrono Boost)  
  32  2:54  Adept (Chrono Boost)  
  32  2:55  Probe  
  35  2:59  Probe  
  35  3:00  Pylon  
  36  3:07  Probe  
  36  3:10  Probe (Chrono Boost)  
  40  3:13  Adept (Chrono Boost)  
  41  3:20  Probe (Chrono Boost), Stargate  
  41  3:25  Probe (Chrono Boost)  
  42  3:30  Probe (Chrono Boost)  
  43  3:36  Probe (Chrono Boost)  
  45  3:41  Probe (Chrono Boost)  
  45  3:46  Stalker  
  45  3:47  Stalker  
  49  3:53  Pylon  
  49  3:55  Probe (Chrono Boost), Pylon  
  50  3:59  Probe (Chrono Boost)  
  51  4:06  Oracle (Chrono Boost)  
  54  4:14  Pylon  
  54  4:16  Assimilator  
  54  4:18  Probe  
  54  4:21  Assimilator  
  54  4:23  Probe  
  55  4:30  Gateway  
  56  4:32  Probe  
  56  4:33  Gateway  
  56  4:38  Void Ray (Chrono Boost)  
  61  4:40  Probe, Pylon  
  61  4:44  Probe  
  63  4:50  Probe  
  64  4:54  Twilight Council  
  64  4:56  Probe  
  65  5:01  Probe  
  66  5:08  Probe  
  66  5:12  Probe  
  68  5:15  Phoenix (Chrono Boost)  
  68  5:16  Pylon  
  68  5:20  Probe  
  71  5:31  Templar Archives  
  71  5:33  Resonating Glaives (Chrono Boost)  
  71  5:36  Phoenix  
  73  6:00  Probe x2, Nexus  
  73  6:01  Phoenix  
  73  6:03  Pylon  
  77  6:10  Psionic Storm  
  77  6:12  Probe  
  78  6:20  Gateway x2  
  78  6:21  High Templar  
  80  6:26  Zealot x3, Phoenix  
  88  6:33  Probe  
  89  6:47  High Templar  
  89  6:49  Zealot  
  89  6:51  Adept, Phoenix  
  89  6:52  Adept  
  99  6:54  Probe  
  99  6:58  Probe, Pylon  
  99  6:59  Pylon  
  99  7:00  Pylon  
  101  7:05  Forge  
  101  7:06  Probe, Forge  
  101  7:07  Pylon  
  102  7:10  Probe  
  102  7:13  High Templar x2  
  102  7:15  Probe, Zealot  
  109  7:18  Probe  
  109  7:21  Probe  
  112  7:26  Probe  
  112  7:29  High Templar  
  112  7:30  Zealot x2  
  112  7:31  Probe x2  
  112  7:33  Assimilator  
  112  7:34  Assimilator  
  112  7:36  Probe  
  118  7:43  Probe  
  120  7:50  High Templar  
  120  7:51  Zealot x3  
  128  8:00  Protoss Ground Weapons Level 1 (Chrono Boost), High Templar  
  128  8:03  Pylon  
  128  8:05  Pylon  
  130  8:07  Zealot  
  132  8:14  Probe x2  
  132  8:19  Gateway x2, Charge (Chrono Boost)  
  134  8:21  Protoss Ground Armor Level 1 (Chrono Boost)  
  134  8:23  Adept x2  
  134  8:24  Adept x2  
  142  8:29  Probe  
  142  8:30  Pylon  
  142  8:32  Pylon  
  143  8:36  Zealot x2  
  143  8:39  Probe  
  148  8:42  Probe, Pylon  
  148  8:46  Phoenix (Chrono Boost)  
  150  8:50  High Templar  
  150  8:51  Zealot x3  
  158  8:57  Robotics Facility  
  158  9:05  Zealot, Pylon, High Templar  
  158  9:08  Phoenix (Chrono Boost)  
  164  9:19  High Templar  
  164  9:20  Zealot x2  
  168  9:25  Zealot x2  
  172  9:35  Phoenix  
  174  9:43  Zealot x2  
  169  10:00  Phoenix  
  163  10:11  Zealot x5  
  163  10:19  Probe  
  163  10:25  Phoenix  
  163  10:31  Pylon  
  163  10:34  Assimilator  
  163  10:36  Pylon  
  163  10:37  Assimilator  
  163  11:22  Archon x2  
  163  11:23  Archon x3  
  163  11:28  Zealot x6  
  163  11:42  Nexus  
  163  12:10  Gateway x2  
  163  12:12  Gateway  
  163  12:18  Pylon  
  163  12:19  Gateway  
  163  12:20  Gateway  
Show
View Real Time Build Order
Export as new Build Order

DAVO Terran 

Build Orders: Command Center First (CC), MMM Bio 

Get SALT Encoding   

  12  0:00  SCV  
  13  0:13  SCV  
  14  0:17  Supply Depot  
  14  0:25  SCV  
  15  0:38  SCV  
  16  0:50  SCV  
  17  0:59  Command Center  
  17  1:03  SCV  
  18  1:14  Barracks  
  18  1:16  SCV  
  19  1:28  SCV  
  19  1:29  Barracks  
  20  1:40  SCV  
  20  1:44  Barracks  
  21  1:53  SCV  
  22  2:00  Marine  
  23  2:05  Orbital Command  
  23  2:10  Orbital Command  
  23  2:17  Marine  
  23  2:19  Marine  
  25  2:24  Refinery  
  25  2:25  Refinery  
  25  2:31  SCV  
  25  2:32  Marine  
  25  2:36  SCV, Marine  
  29  2:42  Marine  
  29  2:51  Marine  
  29  2:53  SCV x2  
  29  2:57  Marine  
  34  3:06  Engineering Bay  
  34  3:07  Barracks Tech Lab  
  34  3:09  Supply Depot  
  34  3:11  Marine  
  34  3:14  Supply Depot  
  34  3:16  SCV x2  
  34  3:18  Marine  
  36  3:29  Marine x2  
  36  3:30  Stimpack  
  36  3:34  SCV x2  
  39  3:36  Missile Turret  
  40  3:44  Marine  
  40  3:47  Marine  
  42  3:48  Factory  
  42  3:49  Marine  
  42  3:50  SCV x2  
  45  3:57  Refinery  
  45  3:58  Refinery  
  45  4:02  SCV  
  46  4:08  SCV, Missile Turret  
  47  4:11  Marine x3  
  47  4:14  Terran Infantry Weapons Level 1  
  50  4:20  SCV x2  
  50  4:22  Supply Depot  
  52  4:34  Factory Reactor, Starport  
  52  4:37  Marine x2  
  54  4:43  SCV, Marine  
  56  4:52  Missile Turret  
  56  4:53  SCV  
  56  4:55  Supply Depot, SCV  
  56  4:57  Barracks Reactor, Barracks Tech Lab  
  58  5:06  Marauder  
  60  5:08  SCV x2  
  62  5:17  Supply Depot  
  62  5:20  SCV  
  65  5:21  Marauder, Medivac x2  
  65  5:26  Supply Depot, SCV  
  70  5:30  Combat Shields  
  70  5:34  Concussive Shells  
  70  5:38  Marine x2  
  70  5:39  SCV x2  
  74  5:48  Widow Mine, Marauder x2  
  80  5:53  Supply Depot  
  79  5:57  Medivac  
  79  6:00  Medivac  
  79  6:03  SCV  
  84  6:12  Marine x2  
  84  6:15  SCV x2, Marauder  
  90  6:18  Supply Depot  
  90  6:19  Terran Infantry Armor Level 1  
  90  6:28  Marauder  
  92  6:37  Command Center  
  92  6:38  SCV x2  
  94  6:40  Marine x2  
  95  6:53  SCV x2  
  97  6:54  Barracks  
  97  6:56  Barracks  
  97  6:59  Marine  
  97  7:00  Marauder x2  
  102  7:05  Supply Depot  
  102  7:09  Supply Depot, Liberator x2  
  102  7:26  Marine  
  109  7:31  Marine, Marauder x2  
  109  7:35  Supply Depot x2  
  114  7:37  Engineering Bay  
  114  7:39  Armory  
  114  7:42  SCV x2  
  116  7:44  Barracks Reactor, Barracks Tech Lab  
  116  7:46  Factory Reactor  
  116  7:50  Starport  
  115  7:54  SCV x2  
  117  8:00  Liberator  
  117  8:01  Supply Depot  
  117  8:03  Liberator  
  117  8:04  Supply Depot  
  117  8:06  SCV x2  
  117  8:08  Marine  
  117  8:09  Marauder x3, Marine  
  117  8:11  Orbital Command  
  126  8:18  Liberator x2  
  132  8:32  Refinery x2  
  132  8:39  Supply Depot  
  132  8:40  Supply Depot  
  140  8:41  Marine x2, Marauder  
  140  8:42  Marauder  
  140  8:46  Terran Infantry Weapons Level 2  
  140  8:47  SCV x2  
  146  8:49  SCV  
  147  8:58  Terran Infantry Armor Level 2  
  147  9:00  Marine x3  
  147  9:01  Marauder, Marine  
  147  9:02  Marine  
  154  9:11  Marauder  
  155  9:18  Supply Depot  
  155  9:22  Liberator x3  
  155  9:28  Command Center  
  155  9:31  Marauder x2, Marine x2  
  161  9:36  Marauder, Marine  
  161  9:38  Marine  
  157  9:43  Medivac  
  168  9:48  Marine  
  168  9:49  Marine  
  161  9:52  Marauder  
  149  10:01  Marauder, Marine  
Tags
 
Add a new tag
Caveats
  • Supply blocks, unpowered buildings, or Contaminate may cause inaccurate times.
  • Supply counts are checked every 10 seconds.